 Dungeon Crawl Stone Soup version 0.26-a0-812-g31a745ddcd (webtiles) character file.

Game seed: 17252865875866430391

4248 kae the Grappler (level 10, -1/83 HPs)
             Began as a White Draconian Transmuter on Nov 30, 2020.
             Was a Follower of Wu Jian.
             Slain by an unseen horror (11 damage)
             ... on level 10 of the Dungeon.
             The game lasted 00:07:39 (10115 turns).

kae the Grappler (White Draconian Transmuter)      Turns: 10115, Time: 00:07:39

Health: -1/83      AC:  2    Str: 16    XL:     10   Next: 9%
Magic:  16/18      EV: 27    Int: 14    God:    Wu Jian [*.....]
Gold:   646        SH:  0    Dex: 16    Spells: 6/19 levels left

rFire    . . .     SeeInvis .     - Unarmed
rCold    . . .     Faith    .   (shield currently unavailable)
rNeg     . . .     Spirit   .   (armour unavailable)
rPois    x         Reflect  .   (helmet currently unavailable)
rElec    .         Harm     .   (cloak currently unavailable)
rCorr    .         Rampage  .   (gloves currently unavailable)
MR       .....                  (boots currently unavailable)
Stlth    +.........             (no amulet)
HPRegen  0.23/turn              f - +4 ring of evasion
MPRegen  0.16/turn              (no ring)

@: short of breath, spider-form
A: tiny, (breathe frost), unfitting armour, AC +7
a: End Transformation, Renounce Religion


You were on level 10 of the Dungeon.
You worshipped Wu Jian.
Wu Jian was aware of your devotion.
You were a venomous arachnid creature.
You visited 1 branch of the dungeon, and saw 10 of its levels.
You also visited: Sewer.

You collected 668 gold pieces.
You spent 22 gold pieces at shops.

Inventory:

Armour
 k - a scarf of shadows
 t - a +2 cloak (melded)
Jewellery
 f - a +4 ring of evasion (left front leg)
Wands
 o - a wand of flame (12)
 q - a wand of disintegration (15)
 x - a wand of digging (7)
Scrolls
 c - a scroll of enchant weapon
 d - 2 scrolls of remove curse
 e - a scroll of magic mapping
 g - 7 scrolls of teleportation
 u - 2 scrolls of fear
 B - a scroll of brand weapon
 C - a scroll of enchant armour
Potions
 a - a potion of cancellation
 b - 4 potions of brilliance
 h - 5 potions of curing
 i - 5 potions of attraction
 j - 5 potions of flight
 l - a potion of might
 m - a potion of mutation
 p - a potion of invisibility
 r - 2 potions of berserk rage
 s - a potion of ambrosia
 v - a potion of haste
 z - a potion of magic


   Skills:
 + Level 6.0 Fighting
 + Level 5.2 Dodging
 * Level 8.5 Unarmed Combat
 + Level 5.3 Spellcasting
 * Level 8.2 Transmutations


You had 6 spell levels left.
You knew the following spells:

 Your Spells              Type           Power        Failure   Level
a - Beastly Appendage     Tmut           ####..       3%          1
b - Spider Form           Tmut/Pois      ###.......   24%         3
c - Blade Hands           Tmut           ####......   34%         5
d - Ice Form              Ice/Tmut       ###.....     52%         4

Your spell library contained the following spells:

 Spells                   Type           Power        Failure   Level
 Wereblood                Tmut           ####....     4%          2
 Shock                    Conj/Air       #...         36%         1
 Swiftness                Air            #.......     47%         2
 Static Discharge         Conj/Air       #.......     67%         3
 Airstrike                Air            #.........   95%         4
 Lightning Bolt           Conj/Air       #.........   100%        5


Dungeon Overview and Level Annotations

Branches:
Dungeon (10/15)            Temple (0/1) D:7           Sewer (visited)
   Lair: D:8-11         Orc: D:9-12

Altars:
Ashenzari
Elyvilon
Fedhas
Makhleb
Nemelex Xobeh
Qazlal
Ru
Trog
Uskayaw
Wu Jian
Yredelemnul

Shops:
D:4 ?   D:9 :

Annotations:
D:9 exclusion: two-headed ogre


Innate Abilities, Weirdness & Mutations

((You can breathe waves of freezing cold.))
((You can buffet flying creatures when you breathe cold.))
((Your icy white scales are hard. (AC +7)))
You cannot fit into any form of body armour.
((Your flesh is cold resistant. (rC+)))
((You are cold-blooded and may be slowed by cold attacks.))


Message History

As you read the scroll of fog, it crumbles to dust.
The scroll dissolves into smoke.
Something hits you.
Casting: Spider Form (dangerous; 10% risk of failure)
Confirm with . or Enter, or press ? or * to list all spells.
You turn into a venomous arachnid creature.
Your +2 cloak melds into your body.
Something barely misses you. Something misses you. Something hits you!
You closely miss something. Something hits you.
Items here: ( ))) ††.
You barely miss something. Something hits you!
* * * LOW HITPOINT WARNING * * *
Something closely misses you.
You see here a kobold corpse.
You hit something. Something misses you.
You barely miss something. Something hits you!
* * * LOW HITPOINT WARNING * * *
Something misses you.
You closely miss something. Something hits you!
You die...

........... ..........
.........# .........#
.....§§{§# #.§§§§#
#.§§§§# #§§{§§#
#§§s§(# #§.§((# ######
#...(## .....# #...(#
.....# #...(# .....#
#....# .....#
#....####
.....#########.......#
.....................#


There were no monsters in sight!

Vanquished Creatures
  A two-headed ogre (D:8)
  Maggie (D:7)
  Prince Ribbit (D:5)
  A spriggan (D:7)
  An ice beast (D:8)
  3 sky beasts
  A black bear (D:7)
  A phantom (D:5)
  6 centaurs
  5 ogres
  4 big kobolds
  4 bullfrogs
  A scorpion (D:8)
  2 howler monkeys
  A quasit (D:8)
  Crazy Yiuf (D:2)
  2 bullfrog zombies (D:6)
  A jelly (D:9)
  4 orc priests
  Jessica (D:3)
  2 iguanas (D:7)
  9 worker ants
  2 orc wizards
  A hound skeleton (D:4)
  7 adders
  2 river rats (Sewer)
  3 shadow imps
  3 ufetubi
  An ooze (D:3)
  An adder zombie (D:6)
  2 worms
  4 dart slugs
  4 leopard geckos
  21 orcs
  7 bats
  6 giant cockroaches
  2 gnoll zombies (D:3)
  8 goblins
  16 hobgoblins
  14 jackals
  3 quokkas
  A ball python (D:3)
  5 frilled lizards
  A jackal skeleton (D:8)
  A jackal zombie (D:6)
  26 kobolds
  10 rats
204 creatures vanquished.

Vanquished Creatures (others)
  A fungus (D:2)
1 creature vanquished.

Grand Total: 205 creatures vanquished

Notes
Turn   | Place    | Note
-------+----------+-------------------------------------------
     0 | D:1      | kae the Draconian Transmuter began the quest for the Orb.
     0 | D:1      | Reached XP level 1. HP: 16/16 MP: 3/3
   182 | D:1      | Reached XP level 2. HP: 21/23 MP: 3/5
  1019 | D:2      | Reached XP level 3. HP: 24/28 MP: 6/6
  1024 | D:2      | Learned a level 3 spell: Spider Form
  1601 | D:2      | You fall into a shaft and drop 2 floors!
  1601 | D:4      | Found Xaggaif's Magic Scroll Shop.
  1604 | D:4      | Bought a scroll of identify for 22 gold pieces
  1667 | D:4      | Reached XP level 4. HP: 31/36 MP: 3/7
  2157 | D:3      | Reached XP level 5. HP: 36/41 MP: 6/8
  2197 | D:3      | Found a basalt altar of Yredelemnul.
  2313 | D:3      | Noticed Jessica
  2365 | D:3      | Killed Jessica
  3365 | D:2      | Found a runed translucent door.
  3366 | D:2      | Noticed Crazy Yiuf
  3574 | D:2      | Killed Crazy Yiuf
  3886 | D:4      | Noticed an ogre
  3893 | D:4      | Killed an ogre
  3893 | D:4      | Reached XP level 6. HP: 50/50 MP: 6/10
  4206 | D:5      | Entered Level 5 of the Dungeon
  4213 | D:5      | Found a glowing drain.
  4228 | Sewer    | Entered a sewer
  4556 | Sewer    | Found a white marble altar of Elyvilon.
  4653 | D:5      | Noticed Prince Ribbit
  4658 | D:5      | Reached skill level 5 in Unarmed Combat
  4658 | D:5      | Your scales start taking on an icy white colour.
  4658 | D:5      | Reached XP level 7. HP: 20/57 MP: 9/11
  4658 | D:5      | Gained mutation: Your flesh is cold resistant. (rC+) [White
                  | Draconian growth]
  4867 | D:5      | Killed Prince Ribbit
  4944 | D:5      | Reached skill level 5 in Transmutations
  5291 | D:5      | Found a sacrificial altar of Ru.
  5306 | D:5      | Reached XP level 8. HP: 58/66 MP: 13/13
  5579 | D:5      | Found a bloodstained altar of Trog.
  5670 | D:6      | Found a sparkling altar of Nemelex Xobeh.
  5689 | D:6      | Learned a level 5 spell: Blade Hands
  5694 | D:6      | Learned a level 4 spell: Ice Form
  6662 | D:6      | Found a broken altar of Ashenzari.
  6922 | D:6      | Found a hide-covered altar of Uskayaw.
  6925 | D:6      | Found a burning altar of Makhleb.
  6928 | D:6      | Found a white marble altar of Elyvilon.
  7020 | D:7      | Noticed Maggie
  7075 | D:7      | Found a stormy altar of Qazlal.
  7122 | D:7      | Reached XP level 9. HP: 56/73 MP: 12/15
  7206 | D:7      | You fall into a shaft and drop 2 floors!
  7477 | D:9      | Found Toor's Book Boutique.
  7498 | D:9      | Reached skill level 5 in Fighting
  7539 | D:9      | Found a blossoming altar of Fedhas.
  7700 | D:9      | Found an ornate altar of the Wu Jian Council.
  7776 | D:9      | Became a worshipper of the Wu Jian Council
  7791 | D:9      | Noticed a two-headed ogre
  9172 | D:8      | Found the +8 longbow "Zephyr" {speed, Dex+3 SInv}
  9178 | D:8      | Noticed a two-headed ogre
  9189 | D:8      | Killed a two-headed ogre
  9189 | D:8      | Reached skill level 5 in Spellcasting
  9380 | D:7      | Reached skill level 5 in Dodging
  9413 | D:7      | Killed Maggie
  9492 | D:7      | Reached XP level 10. HP: 83/83 MP: 13/17
  9665 | D:7      | Reached * piety under Wu Jian
  9846 | D:7      | Found a staircase to the Ecumenical Temple.
  9988 | D:10     | Entered Level 10 of the Dungeon
 10115 | D:10     | Slain by an unseen horror

Illustrated notes

Levels and vault maps discovered:
D:1:      dpeg_arrival_stone_temple_mockup, layout_basic, dk_noncrumbling_3,
          minmay_tromino_i2
D:2:      minmay_evil_eye, layout_basic, grunt_ministairs_4,
          minmay_crystal_room, uniq_crazy_yiuf_cottage
D:3:      kennysheep_big_flooded_room, layout_basic,
          lemuel_zombie_altar_yredelemnul, uniq_jessica
D:4:      layout_loops_ring, serial_shops, nicolae_shop_crystal
D:5:      layout_cave_pools, nicolae_ru_great_annihilating_truth,
          lightli_temple_of_fire, cheibrodos_sewer_entry_sluice,
          hangedman_abyss_or_decor_passed, uniq_prince_ribbit1
D:6:      layout_rooms, overflow_temple_1_default,
          grunt_temple_overflow_diamond, cheibrodos_ashenzari_chains
D:7:      layout_cave_pools, kennysheep_little_box,
          minmay_temple_entry_statues_pillars, corexii_checkpoint_a, the_bakery,
          uniq_maggie
D:8:      layout_rooms, kennysheep_generic_room_16
D:9:      layout_basic, kennysheep_mini_moat, serial_glass, glass_columns_b,
          glass_columns_c, basic_altar, serial_shops, shop
D:10:     layout_irregular_city, orc_0_dummy, minivault_22,
          kennysheep_generic_room_7, uniq_snorg

Skill      XL: |  1  2  3  4  5  6  7  8  9 10 |
---------------+-------------------------------+-----
Dodging        | 2 3 4 5 |  5.2
Fighting       | 2 3 4 5 6 |  6.0
Transmutations | 3 4 5 6 8 |  8.2
Unarmed Combat | 4 5 7 8 |  8.5
Spellcasting   | 3 4 5 |  5.3

Action                   |  1- 3 |  4- 6 |  7- 9 | 10-12 || total
-------------------------+-------+-------+-------+-------++-------
Melee: Unarmed           |   117 |   149 |   315 |    53 ||   634
       Tailslap          |    12 |    13 |    13 |       ||    38
       Kick              |    14 |    11 |    20 |       ||    45
       Headbutt          |     5 |    12 |     7 |       ||    24
       Punch             |       |     3 |     5 |       ||     8
 Cast: Beastly Appendage |    25 |    18 |    13 |       ||    56
       Spider Form       |     1 |     8 |    25 |     8 ||    42
Invok: Lunge             |       |       |     4 |     1 ||     5
 Abil: Breathe Frost     |       |       |    17 |     2 ||    19
  Use: Scroll            |     8 |       |    16 |     9 ||    33
       Potion            |       |       |     2 |       ||     2
 Stab: Paralysed         |       |       |     3 |       ||     3
       Sleeping          |       |       |     1 |       ||     1
Armor: Skin              |    36 |    29 |    63 |     5 ||   133
Dodge: Dodged            |    95 |   114 |   286 |    87 ||   582

Table legend: (Time is in decaauts)
 A = Elapsed time spent in this place.
 B = Non-inter-level travel time spent in this place.
 C = Inter-level travel time spent in this place.
 D = Time resting spent in this place.
 E = Time spent auto-exploring this place.
 F = Levels seen in this place.
 G = Mean time per level.
                   A        B        C        D        E       F      G
               +--------+--------+--------+--------+--------+-----+--------+
         Total |  10101 |   9739 |    362 |    982 |   7291 |  11 |  918.3 |
       Dungeon |   9688 |   9326 |    362 |    982 |   6984 |  10 |  968.8 |
         Sewer |    412 |    412 |      0 |      0 |    307 |   1 |  412.0 |
               +--------+--------+--------+--------+--------+-----+--------+

Top non-repeatable levels by time:
     D:2: 1447 daAuts
     D:9: 1322 daAuts
     D:6: 1154 daAuts
     D:5: 1102 daAuts
     D:4: 1030 daAuts
     D:3: 969 daAuts
     D:1: 942 daAuts
     D:8: 856 daAuts
     D:7: 742 daAuts
   Sewer: 412 daAuts
    D:10: 122 daAuts
